 Seeded DCSS version 0.30-a0-956-gcec3b41aec (webtiles) character file.

Game seed: 13137397067068997422 (custom seed)

67 mistaj the Shield-Bearer (level 4, -2/24 HPs)
             Began as a Vine Stalker Fighter on Mar 30, 2023.
             Killed from afar by an orc wizard (9 damage)
             ... with a puff of flame
             ... on level 3 of the Dungeon.
             The game lasted 00:01:29 (1053 turns).

mistaj the Shield-Bearer (Vine Stalker Fighter)     Turns: 1053, Time: 00:01:30

Health: -2/24      AC:  7    Str: 21    XL:     4   Next: 16%
Magic:  0/5        EV:  9    Int:  8    God:
Gold:   872        SH:  5    Dex: 13    Spells: 3/3 levels left

rFire   . . .      SeeInvis .    a - +0 war axe
rCold   . . .      Faith    .    c - +0 buckler
rNeg    . . .      Spirit   +    b - +0 scale mail
rPois   .          Reflect  .    (no helmet)
rElec   .          Rampage  .    (no cloak)
rCorr   .                        (no gloves)
Will    .....                    i - +0 pair of boots Stlth
                                 (no amulet)
HPRegen 1.04/turn                (no ring)
MPRegen 0.09/turn                (no ring)

@: no status effects
A: fangs 2, regeneration 1, magic shield, antimagic bite, no potion heal 2
a: no special abilities


You were on level 3 of the Dungeon.
You visited 1 branch of the dungeon, and saw 3 of its levels.

You collected 872 gold pieces.

Inventory:

Hand Weapons
 a - a +0 war axe (weapon)
Armour
 b - a +0 scale mail (worn)
 c - a +0 buckler (worn)
 i - a +0 pair of boots (worn)
Scrolls
 e - 3 scrolls of identify {unknown}
 j - a scroll of vulnerability {unknown}
 k - a scroll of teleportation {unknown}
Potions
 d - a potion of might
 f - 3 potions of curing {unknown}
 g - a potion of mutation {unknown}
 h - a potion of cancellation {unknown}


   Skills:
 + Level 3.3 Fighting
 + Level 2.6 Axes
 - Level 2.4 Armour
 + Level 3.4 Shields


You had 3 spell levels left.
You didn't know any spells.
Your spell library contained the following spells:

 Spells                   Type           Power      Damage    Failure   Level
 Freeze                   Ice            0%         1d3       85%         1
 Frozen Ramparts          Ice            0%         1d1       99%         3
 Hailstorm                Conj/Ice       0%         3d3       99%         3
 Yara's Violent Unravell  Hex/Tmut       0%         3d3       100%        5
 Enfeeble                 Hex            0%         N/A       100%        7


Dungeon Overview and Level Annotations

Branches:
Dungeon (3/15)

Altars:


Innate Abilities, Weirdness & Mutations

You have extremely sharp teeth.
Your natural rate of healing is unusually fast.
When hurt, damage is shared between your health and your magic reserves.
Your bite disrupts and absorbs the magic of your enemies.
Potions cannot restore your health.


Message History

You hear some strange, mumbled words.
A magic dart appears from out of thin air!
The magic dart hits you.
You hit something. Your bite misses something. You block something's attack.
Something hits you but does no damage.
You barely miss something. Your bite misses something.
You hear some strange, mumbled words.
Something tries to affect you, but you resist.
You miss something. Something hits you.
You closely miss something. Your bite misses something.
You block something's attack. Something hits you but does no damage.
You closely miss something. Your bite misses something.
Something hits you but does no damage.
You miss something.
Something hits you but does no damage. x2
You miss something. Your bite misses something. Something hits you.
You closely miss something. Something hits you.
You miss something. Your bite misses something. You block something's attack.
Something hits you but does no damage.
You closely miss something. Your bite misses something. Something hits you.
You closely miss something. Your bite misses something. Something hits you.
You hear some strange, mumbled words.
A magic dart appears from out of thin air!
The magic dart hits you!
You barely miss something. Something hits you.
You slash something! Something hits you but does no damage.
You hear some strange, mumbled words.
A puff of flame appears from out of thin air!
The puff of flame hits you.
You miss something. Your bite misses something. Something hits you.
You closely miss something. Your bite misses something.
You hear some strange, mumbled words.
Something tries to affect you, but you resist.
You closely miss something. Your bite misses something. Something hits you. x2
You barely miss something. You bite something. Something hits you.
* * * LOW HITPOINT WARNING * * *
You hit something but do no damage.
You hear some strange, mumbled words.
A puff of flame appears from out of thin air!
The puff of flame hits you!
You die...

##...## ##.....##
##...?...##
#.........#
+.........+
#.......(.# ###
#.){....# #..
#.@...# #.#
#######...## #.#
#.........# #.#
#.######..# #.#
#.# ..#
#<#####.#####
....
#...........#
..###
#######..........
#####.#...#.


There were no monsters in sight!

Vanquished Creatures
  An adder (D:2)
  A worm (D:2)
  3 dart slugs
  2 orcs (D:3)
  3 endoplasms
  4 giant cockroaches
  5 goblins
  5 hobgoblins
  A quokka (D:1)
  3 ball pythons
  5 bats
  A frilled lizard (D:2)
  7 kobolds
  3 rats (D:2)
44 creatures vanquished.

Notes
Turn   | Place    | Note
-------+----------+-------------------------------------------
     0 | D:1      | mistaj the Vine Stalker Fighter began the quest for the
                  | Orb.
     0 | D:1      | Reached XP level 1. HP: 11/11 MP: 2/2
   122 | D:1      | Reached XP level 2. HP: 11/16 MP: 1/3
   164 | D:1      | Identified a scroll of acquirement
   164 | D:1      | Acquired 784 gold pieces
   581 | D:1      | Reached XP level 3. HP: 20/20 MP: 4/4
   691 | D:2      | Found Xexamnid's Weapon Shoppe.
   767 | D:2      | Gained mutation: Your natural rate of healing is unusually
                  | fast. [Vine Stalker growth]
   767 | D:2      | Reached XP level 4. HP: 24/24 MP: 5/5
  1053 | D:3      | Killed from afar by an orc wizard

Illustrated notes

Levels and vault maps discovered:
D:1:      dpeg_arrival_long_road, layout_basic
D:2:      layout_rooms, serial_shops, nicolae_shop_bloodbath_and_beyond
D:3:      layout_loops_corners, lemuel_round_altar,
          mainiacjoe_overflow_alcove_4, shapermc_ecumenical_altar_gd,
          minmay_misc_feat_roman, uniq_terence

Skill      XL: |  1  2 |
---------------+-------+-----
Axes           | 2 |  2.6
Fighting       | 3 |  3.3
Shields        | 3 |  3.4
Armour         | |  2.4

Action                     |  1- 3 |  4- 6 || total
---------------------------+-------+-------++-------
  Melee: War axe           |    83 |    30 ||   113
         Bite              |    17 |     6 ||    23
    Use: Scroll            |     1 |       ||     1
 Armour: Scale mail        |    36 |    10 ||    46
  Dodge: Dodged            |    41 |     5 ||    46
  Block: Buckler           |    26 |     7 ||    33

Table legend: (Time is in decaauts)
 A = Elapsed time spent in this place.
 B = Non-inter-level travel time spent in this place.
 C = Inter-level travel time spent in this place.
 D = Time resting spent in this place.
 E = Time spent auto-exploring this place.
 F = Levels seen in this place.
 G = Mean time per level.
                   A        B        C        D        E       F      G
               +--------+--------+--------+--------+--------+-----+--------+
         Total |   1100 |   1075 |     25 |     33 |    749 |   3 |  366.7 |
       Dungeon |   1100 |   1075 |     25 |     33 |    749 |   3 |  366.7 |
               +--------+--------+--------+--------+--------+-----+--------+

Top non-repeatable levels by time:
     D:1: 650 daAuts
     D:2: 396 daAuts
     D:3: 52 daAuts
